 Dungeon Crawl Stone Soup version 0.29-a0-393-g47a863cc1b (webtiles) character file.

Game seed: 9094911317643388534

98 croobank the Firebug (level 4, -3/35 HPs)
             Began as a Draconian Fire Elementalist on May 9, 2022.
             Slain by a black bear (5 damage)
             ... on level 4 of the Dungeon.
             The game lasted 00:06:24 (3019 turns).

croobank the Firebug (Draconian Fire Elementalist)  Turns: 3019, Time: 00:06:25

Health: -3/35      AC:  5    Str: 10    XL:     4   Next: 43%
Magic:  0/7        EV: 12    Int: 17    God:
Gold:   119        SH:  0    Dex: 12    Spells: 1/8 levels left

rFire   . . .      SeeInvis .   a - staff of conjuration
rCold   . . .      Faith    .   o - orb {mayhem}
rNeg    . . .      Spirit   .   (body armour unavailable)
rPois   +          Reflect  .   (helmet restricted)
rElec   .          Harm     .   (no cloak)
rCorr   .          Rampage  .   (no gloves)
Will    .....                   (no boots)
Stlth   ++........              (no amulet)
HPRegen 0.11/turn               p - ring of poison resistance
MPRegen 0.10/turn               (no ring)

@: no status effects
A: AC +5, unfitting armour, cold-blooded, talons 1, wild magic 1
a: no special abilities


You were on level 4 of the Dungeon.
You visited 1 branch of the dungeon, and saw 4 of its levels.

You collected 119 gold pieces.

Inventory:

Hand Weapons
 b - a +0 hunting sling
 d - a +0 short sword
 f - a +0 spear
 m - a +1 short sword of draining
Missiles
 c - 7 boomerangs
 i - 74 stones
Armour
 o - an orb of mayhem (worn)
Magical Staves
 a - a staff of conjuration (weapon)
Jewellery
 p - a ring of poison resistance (left hand)
Scrolls
 e - 2 scrolls of teleportation
Potions
 g - a potion of mutation
 h - 3 potions of lignification
 j - 2 potions of resistance
 k - a potion of might
 l - 2 potions of curing {unknown}
 n - 2 potions of magic


   Skills:
 + Level 1.1 Fighting
 + Level 2.4 Dodging
 + Level 2.4 Stealth
 + Level 2.5 Spellcasting
 + Level 2.0 Conjurations
 + Level 3.4 Fire Magic


You had one spell level left.
You knew the following spells:

 Your Spells              Type           Power      Damage    Failure   Level
a - Foxfire               Conj/Fire      88%        2x1d8     10%         1
b - Scorch                Fire           36%        2d6       11%         2
c - Flame Wave            Conj/Fire      22%        2d7       61%         4

Your spell library contained the following spells:

 Spells                   Type           Power      Damage    Failure   Level
 Conjure Flame            Conj/Fire      22%        6-21      26%         3
 Inner Flame              Hex/Fire       10%        N/A       34%         3


Dungeon Overview and Level Annotations

Branches:
Dungeon (4/15)
 Temple: D:4-7

Altars:


Innate Abilities, Weirdness & Mutations

Your plain brown scales are hard. (AC +5)
You cannot fit into any form of body armour.
You are cold-blooded and may be slowed by cold attacks.
You have sharp toenails.
Your spells are a little harder to cast, but a little more powerful.


Message History

Your magical contamination has completely faded away.
Casting: Scorch (safe; 11% risk of failure)
Confirm with . or Enter, or press ? or * to list all spells.
You feel a surge of power!
You conjure some foxfire!
The black bear bites you. The black bear misses you.
The black bear barely misses you.
You barely miss the black bear. You claw the black bear.
You tail-slap the black bear.
The black bear is severely wounded.
The foxfire hits the black bear but does no damage.
The black bear is severely wounded.
The foxfire hits the black bear.
The black bear is burned terribly!
The black bear is almost dead.
The black bear goes berserk!
Casting: Foxfire (safe; 10% risk of failure)
Confirm with . or Enter, or press ? or * to list all spells.
You feel a surge of power!
You conjure some foxfire!
The black bear bites you. The black bear closely misses you.
The black bear claws you but does no damage.
You hit the black bear. You claw the black bear.
You tail-slap the black bear, but do no damage.
The black bear is almost dead.
The foxfire hits the black bear.
The black bear is burned terribly!
The black bear is almost dead.
The foxfire hits the black bear.
The black bear is almost dead.
The black bear barely misses you. The black bear claws you.
The black bear closely misses you.
The black bear bites you but does no damage.
The black bear claws you. x2
* * * LOW HITPOINT WARNING * * *
You hit the black bear but do no damage.
The black bear is almost dead.
The black bear bites you!
* * * LOW HITPOINT WARNING * * *
The black bear closely misses you.
The black bear claws you but does no damage.
The black bear barely misses you. The black bear claws you.
* * * LOW HITPOINT WARNING * * *
The black bear claws you.
You die...

###.......#
#.........#
##......##.#
#.......##.#
#...###....########
#...###.###........
#...#.....#.......$
#...#.....#§.......
#...#.....#@§......
#...#.....h........
#...#.....#........
#.....#####.#######
#...†....)..# ....
###.........# #...
#........## ######
#... #........#
#....# #...
####.....# #....#
#...


You could see a black bear (berserk, combustible).

Vanquished Creatures
  An orc wizard (D:3)
  2 adders (D:3)
  A shadow imp (D:3)
  2 dart slugs
  4 orcs (D:3)
  4 ball pythons
  2 endoplasms
  3 giant cockroaches
  2 hobgoblins
  A quokka (D:1)
  3 bats
  A frilled lizard (D:2)
  9 goblins
  3 kobolds
  A rat (D:1)
39 creatures vanquished.

Vanquished Creatures (others)
  34 foxfires
34 creatures vanquished.

Grand Total: 73 creatures vanquished

Notes
Turn   | Place    | Note
-------+----------+-------------------------------------------
     0 | D:1      | croobank the Draconian Fire Elementalist began the quest
                  | for the Orb.
     0 | D:1      | Reached XP level 1. HP: 14/14 MP: 3/3
    32 | D:1      | Found a faded altar of an unknown god.
   714 | D:2      | Reached XP level 2. HP: 13/20 MP: 5/5
   717 | D:2      | Learned a level 2 spell: Scorch
  1703 | D:2      | Gained mutation: You have sharp toenails. [potion of
                  | mutation]
  1703 | D:2      | Gained mutation: Your spells are a little harder to cast,
                  | but a little more powerful. [potion of mutation]
  1996 | D:3      | Reached XP level 3. HP: 27/27 MP: 2/6
  2233 | D:3      | Reached skill level 1 in Fighting
  2233 | D:3      | Reached XP level 4. HP: 29/35 MP: 1/7
  2346 | D:3      | Learned a level 4 spell: Flame Wave
  3007 | D:4      | Noticed a black bear
  3019 | D:4      | Slain by a black bear

Illustrated notes

Levels and vault maps discovered:
D:1:      shiori_arrival_elements, layout_loops_ring,
          chequers_ecumenical_altar_simple_redux, minmay_worlds_worst_comb
D:2:      layout_basic, serial_curves, eino_curves_03, eino_curves_01,
          eino_curves_03, chequers_serial_rivers_micro_d
D:3:      layout_loops_ring
D:4:      layout_basic, chequers_temple_overflow_statue_of_worship,
          lemuel_round_altar

Skill      XL: |  1  2  3  4 |
---------------+-------------+-----
Stealth        | 2 |  2.4
Dodging        | 2 |  2.4
Fighting       | 1 |  1.1
Conjurations   | 2 |  2.0
Spellcasting   | |  2.5
Fire Magic     | |  3.4

Action                   |  1- 3 |  4- 6 || total
-------------------------+-------+-------++-------
Melee: Spear             |    55 |       ||    55
       Tailslap          |     3 |     4 ||     7
       Short sword       |    13 |     4 ||    17
       Kick              |     4 |     4 ||     8
       Staff             |       |    10 ||    10
 Cast: Foxfire           |    11 |    10 ||    21
       Scorch            |     4 |     2 ||     6
  Use: Scroll            |     9 |       ||     9
       Potion            |     1 |       ||     1
 Stab: Sleeping          |     3 |       ||     3
Armor: Skin              |    10 |     7 ||    17
Dodge: Dodged            |    36 |    15 ||    51

Table legend: (Time is in decaauts)
 A = Elapsed time spent in this place.
 B = Non-inter-level travel time spent in this place.
 C = Inter-level travel time spent in this place.
 D = Time resting spent in this place.
 E = Time spent auto-exploring this place.
 F = Levels seen in this place.
 G = Mean time per level.
                   A        B        C        D        E       F      G
               +--------+--------+--------+--------+--------+-----+--------+
         Total |   3025 |   2882 |    143 |    364 |   2112 |   4 |  756.2 |
       Dungeon |   3025 |   2882 |    143 |    364 |   2112 |   4 |  756.2 |
               +--------+--------+--------+--------+--------+-----+--------+

Top non-repeatable levels by time:
     D:2: 983 daAuts
     D:3: 943 daAuts
     D:1: 909 daAuts
     D:4: 189 daAuts
